 Dungeon Crawl Stone Soup version 0.20.1-1-g8b1a95d (webtiles) character file.

16 Sandy the Charlatan (level 2, -15/12 HPs)
             Began as a Felid Artificer on Aug 30, 2017.
             Demolished by Crazy Yiuf
             ... wielding a +4 quarterstaff of chaos
              (17 damage)
             ... on level 2 of the Dungeon.
             The game lasted 00:02:51 (752 turns).

Sandy the Charlatan (Felid Artificer)                Turns: 752, Time: 00:02:52

Health: -15/12     AC:  1    Str:  8    XL:     2   Next: 37%
Magic:  5/5        EV: 18    Int: 12    God:
Gold:   49         SH:  0    Dex: 16    Spells: 1/1 levels left
                                        Lives:  0   Deaths: 0

rFire    . . .     SeeInvis +     - Unarmed
rCold    . . .     Gourm    .   (shield unavailable)
rNeg     . . .     Faith    .   (armour unavailable)
rPois    .         Spirit   .   (helmet unavailable)
rElec    .         Reflect  .   (cloak unavailable)
rCorr    .         Harm     .   (gloves unavailable)
MR       .....                  (boots unavailable)
Stlth    +++.......             (no amulet)
Regen    0.1/turn               (no ring)
MPRegen  0.1/turn               (no ring)

@: quick
A: no armour, no weapons or thrown items, stealth, claws 1, fangs 3, see
invisible, carnivore 3, speed 1, shaggy fur 1, slow metabolism 1, sharp paws
a: no special abilities


You were on level 2 of the Dungeon.
You were very full.

You visited 1 branch of the dungeon, and saw 2 of its levels.

You collected 49 gold pieces.

Inventory:

Wands
 a - a wand of flame (13/48)
 b - a wand of enslavement (15/24)
 c - a wand of random effects (15/48)
Scrolls
 e - a scroll of teleportation {unknown}
 g - a scroll of recharging {unknown}
 h - a scroll of enchant armour {unknown}
 i - a scroll of identify {unknown}
Potions
 f - a potion of mutation {unknown}
Comestibles
 d - a meat ration
 j - a royal jelly


   Skills:
 - Level 1.0 Fighting
 - Level 2.6 Dodging
 + Level 2.9 Stealth
 + Level 1.7 Unarmed Combat
 - Level 3.2 Evocations


You had one spell level left.
You didn't know any spells.

Dungeon Overview and Level Annotations

Branches:
Dungeon (2/15)

Altars:

Annotations:
D:2 Crazy Yiuf


Innate Abilities, Weirdness & Mutations

You cannot wear armour.
You are incapable of wielding weapons or throwing items.
Your paws allow you to move quietly. (Stealth)
You have sharp claws.
You have razor-sharp teeth.
You have supernaturally acute eyesight. (SInv)
You are carnivorous and can eat meat at any time.
You cover ground quickly.
You are covered in fur. (AC +1)
You have a slow metabolism.
Your sharp claws are effective at attacking unaware monsters.


Message History

Crazy Yiuf hits you with a quarterstaff of chaos!
Ouch! That really hurt!
* * * LOW HITPOINT WARNING * * *
Evoke which item? (* to show all) (? for menu, Esc to quit)
Aiming: Throw Flame
Press: ? - help, Shift-Dir - straight line, f - Crazy Yiuf
Aim: Crazy Yiuf, wielding a quarterstaff of chaos and wearing a runed cloak The puff of flame hits Crazy Yiuf.
Crazy Yiuf is moderately wounded.
This wand has 14 charges left.
Crazy Yiuf completely misses you.
Evoke which item? (* to show all) (? for menu, Esc to quit)
Aiming: Throw Flame
Press: ? - help, Shift-Dir - straight line, f/p - Crazy Yiuf
Aim: Crazy Yiuf, wielding a quarterstaff of chaos and wearing a runed cloak (moderately wounded)
The puff of flame hits Crazy Yiuf.
Crazy Yiuf is almost dead.
This wand has 13 charges left.
Crazy Yiuf hits you with a quarterstaff of chaos!
Ouch! That really hurt!
You die...

#.# #.# #.# #.# #.####
#....##♣♣♣♣♣
#####....♣.♣♣♣#####
##....P.♣..♣#...#
#.....P♣♣♣♣.'.@g# #.....♣♣
♣♣#..)# ###.###♣♣ #####
#....# #....# #....##
################ #.....#
#.#.#...........
#.....###.#.#.############
+.....'.........<..#.....#


You could see Crazy Yiuf.

Vanquished Creatures
  An ooze (D:1)
  A worm (D:2)
  2 goblins (D:1)
  A kobold (D:1)
  2 quokkas (D:2)
  A rat (D:2)
8 creatures vanquished.

Notes
Turn   | Place    | Note
-------+----------+-------------------------------------------
     0 | D:1      | Sandy the Felid Artificer began the quest for the Orb.
     0 | D:1      | Reached XP level 1. HP: 9/9 MP: 4/4
    52 | D:1      | Reached XP level 2. HP: 5/12 MP: 5/5
   743 | D:2      | Found a runed door.
   747 | D:2      | Noticed Crazy Yiuf
   752 | D:2      | Demolished by Crazy Yiuf

Skill      XL: |  1 |
---------------+----+-----
Stealth        | 2 |  2.9
Fighting       | |  1.0
Dodging        | |  2.6
Unarmed Combat | |  1.7
Evocations     | |  3.2

Action                   || total
-------------------------++-------
Melee: Unarmed           ||    54
       Bite              ||     7
Evoke: Wand              ||     2
 Stab: Sleeping          ||     3
  Eat: Chunk             ||     5
Dodge: Dodged            ||    25
